 Dungeon Crawl Stone Soup version 0.16.0-17-g811c1d7 (console) character file.

402 gw the Chopper (level 6, -1/56 HPs)
             Began as a Hill Orc Fighter on Mar 20, 2015.
             Slain by a scorpion (2 damage)
             ... in an ossuary.
             The game lasted 00:05:12 (2951 turns).

gw the Chopper (Hill Orc Fighter)                   Turns: 2951, Time: 00:05:12

Health: -1/56      AC: 11    Str: 19      XL:     6   Next: 85%
Magic:  6/6        EV:  7    Int:  7 (8)  God:
Gold:   73         SH:  9    Dex: 12      Spells: 0 memorised, 5 levels left

rFire  . . .     SeeInvis .     a - +0 war axe (curse)
rCold  . . .     Clarity  .     b - +0 scale mail
rNeg   . . .     SustAb   .     c - +0 shield
rPois  .         Gourm    .     o - +2 helmet
rElec  .         Spirit   .     r - +0 cloak
rCorr  .         Warding  .     (no gloves)
rMut   +         Stasis   .     (no boots)
MR     .....                    g - amulet of resist mutation
Stlth  ..........               (no ring)
                                (no ring)

@: lethally poisoned (-1 -> -1), not resistant to hostile enchantments,
extremely unstealthy
A: no striking features
a: no special abilities


You were in an ossuary.
You were not hungry.

You visited 1 branch of the dungeon, and saw 3 of its levels.
You also visited: Ossuary.

You collected 73 gold pieces.

Inventory:

Hand weapons
 a - a cursed +0 war axe (weapon)
Missiles
 s - 56 stones (quivered)
 u - 4 curare-tipped needles
Armour
 b - a +0 scale mail (worn)
 c - a +0 shield (worn)
 o - a +2 helmet (worn)
 r - a +0 cloak (worn)
Jewellery
 g - an amulet of resist mutation (around neck)
Scrolls
 e - a scroll of remove curse
 f - a scroll of teleportation {unknown}
 h - a scroll of enchant armour {unknown}
 i - 3 scrolls of identify
 j - a scroll of fog
Potions
 k - 2 potions of heal wounds {unknown}
 n - 4 potions of curing
 p - a potion of ambrosia {unknown}
 q - a potion of brilliance {unknown}
 t - a potion of magic {unknown}
Comestibles
 d - 2 meat rations
 l - 2 bread rations
 m - a slice of pizza


   Skills:
 + Level 5.1 Fighting
 * Level 6.0 Axes
 + Level 2.0 Throwing
 + Level 4.1 Armour
 + Level 4.6 Shields


You had 5 spell levels left.
You didn't know any spells.

Dungeon Overview and Level Annotations

Branches:
Dungeon (4/15)
 Temple: D:4-7

Altars:


Message History

The scorpion stings you but does no damage.
Unknown command.
Unknown command.
Unknown command.
Unknown command.
FLEEEEING!
ATTACKING (-1,-1)
You closely miss the scorpion.
The scorpion is lightly wounded.
The scorpion stings you but does no damage.
Unknown command.
Unknown command.
Unknown command.
Unknown command.
FLEEEEING!
ATTACKING (-1,-1)
You closely miss the scorpion.
The scorpion is lightly wounded.
You feel sick. The scorpion stings you.
You die...

####################
(..#...#.......#...#
...8...'.^.....s...#
.......#.......#o..#
#8...8###########'##
(..(...#...#...#!?!#
...8.%.#...8...#..!#
...#...#.......#M!.#
#####'###8...8######
...#..^#.......#...#
...'.^^#...8...'^^^#
...#.^^#...#...#^^.#


You could see a scorpion.

Table legend:
 A = Turns spent in this place as a percentage of turns spent in the entire game.
 B = Non-inter-level travel turns spent in this place as a percentage of non-inter-level travel turns spent in the entire game.
 C = Inter-level travel turns spent in this place as a percentage of turns spent in this place.
 D = Turns resting spent in this place as a percentage of non-inter-level travel turns spent in this place.
 E = Turns spent auto-exploring this place as a percentage of non-inter-level travel turns spent in this place.
 F = Non-inter-level travel turns spent in this place divided by the number of levels of this place that you've seen.
                   A       B       C       D       E      F
               +-------+-------+-------+-------+-------+----------------------
         Total | 100.0 | 100.0 |   0.1 |   1.4 |   1.4 | 1545.8
       Dungeon |  40.3 |  40.2 |   0.3 |   0.7 |   2.7 | 828.3
       Ossuary |  59.7 |  59.8 |   0.0 |   1.9 |   0.5 | 3698.0
               +-------+-------+-------+-------+-------+----------------------

Table legend:
 A = Kills in this place as a percentage of kills in entire the game.
 B = Kills by you in this place as a percentage of kills by you in the entire game.
 C = Kills by friends in this place as a percentage of kills by friends in the entire game.
 D = Other kills in this place as a percentage of other kills in the entire game.
 E = Experience gained in this place as a percentage of experience gained in the entire game.
 F = Experience gained in this place divided by the number of levels of this place that you have seen.
                   A       B       C       D       E      F
               +-------+-------+-------+-------+-------+----------------------
         Total | 100.0 | 100.0 |  -nan |  -nan | 100.0 | 143.8
       Dungeon |  60.0 |  60.0 |  -nan |  -nan |  18.8 |  36.0
       Ossuary |  40.0 |  40.0 |  -nan |  -nan |  81.2 | 467.0
               +-------+-------+-------+-------+-------+----------------------

Vanquished Creatures
  3 scorpions (Ossuary)
  A centaur zombie (Ossuary)
  3 human zombies (Ossuary)
  Terence (D:2)
  A mummy (Ossuary)
  5 scorpion zombies (Ossuary)
  3 adders (D:2)
  A worm (D:2)
  3 goblins
  4 hobgoblins
  4 jackals (D:2)
  2 bats (D:1)
  A giant cockroach (D:1)
  A giant newt (D:1)
  2 gnoll zombies (Ossuary)
  A goblin zombie (Ossuary)
  2 hobgoblin zombies (Ossuary)
  6 kobolds
  2 kobold zombies (Ossuary)
  An orc zombie (Ossuary)
  4 rats (D:1)
51 creatures vanquished.

Vanquished Creatures (others)
  A mummy (Ossuary)
  A gnoll zombie (Ossuary)
  A kobold zombie (Ossuary)
3 creatures vanquished.

Grand Total: 54 creatures vanquished

Notes
Turn   | Place    | Note
--------------------------------------------------------------
     0 | D:1      | gw, the Hill Orc Fighter, began the quest for the Orb.
     0 | D:1      | Reached XP level 1. HP: 19/19 MP: 1/1
   255 | D:1      | Reached XP level 2. HP: 27/27 MP: 2/2
  1059 | D:2      | Reached XP level 3. HP: 23/33 MP: 3/3
  1315 | D:2      | Reached skill level 4 in Axes
  1334 | D:2      | Noticed Terence
  1345 | D:2      | Killed Terence
  1345 | D:2      | Reached skill level 1 in Throwing
  1345 | D:2      | Reached XP level 4. HP: 37/40 MP: 4/4
  1583 | D:2      | You fall through a shaft for 2 floors!
  1583 | D:4      | Found a sand-covered staircase.
  1588 | Ossuary  | Entered an ossuary
  2161 | Ossuary  | Reached XP level 5. HP: 36/46 MP: 5/5
  2280 | Ossuary  | Reached skill level 5 in Axes
  2422 | Ossuary  | Reached XP level 6. HP: 33/53 MP: 6/6
  2874 | Ossuary  | Reached skill level 5 in Fighting
  2929 | Ossuary  | Reached skill level 6 in Axes
  2941 | Ossuary  | HP: 2/56 [poisoned by a scorpion]
  2948 | Ossuary  | HP: 1/56 [poisoned by a scorpion]
  2951 | Ossuary  | Slain by a scorpion

Action                   |  1- 3 |  4- 6 || total
-------------------------+-------+-------++-------
Melee: War axe           |    45 |    90 ||   135
Throw: Stone             |    49 |    99 ||   148
  Use: Potion            |     7 |       ||     7
       Scroll            |     5 |       ||     5
  Eat: Chunk             |     2 |       ||     2
       Meat ration       |       |     1 ||     1

Vault maps used:
D:1:      dpeg_arrival_rooms_c
D:2:      minmay_kobold_bridge, kennysheep_generic_room_14, uniq_terence
D:4:      minmay_temple_entry_glass, nicolae_ossuary_entry_ruins, first_bread
Ossuary:  ossuary_minmay_scorpions
